 Dungeon Crawl Stone Soup version 0.32-a0-898-g7811c86cf0 (webtiles) character file.

Game seed: 4005167737885034707

3459 SirFunk the Slasher (level 9, -9/71 HPs)
             Began as a Demonspawn Reaver on Mar 18, 2024.
             Was an Initiate of Gozag.
             Mangled by a skeletal warrior
             ... wielding a +0 trident
              (14 damage)
             ... on level 7 of the Dungeon on Apr 4, 2024.
             The game lasted 00:33:08 (7089 turns).

SirFunk the Slasher (Demonspawn Reaver)             Turns: 7089, Time: 00:33:10

Health: -9/71      AC: 10    Str: 17    XL:     9   Next: 78%
Magic:  13/15      EV: 14    Int: 18    God:    Gozag
Gold:   790        SH:  4    Dex: 22    Spells: 7/16 levels left

rFire   . . .        b - +9 long sword of the Toadstool {heavy, rPois Dex+6}
rCold   . . .        s - orb {*channel}
rNeg    . . .        l - +2 robe of Orudeci {Int+5 Dex+4}
rPois   +            v - +0 helmet
rElec   .            x - +0 cloak
rCorr   +            m - +1 pair of gloves
SInv    .            (no boots)
Will    .....        y - amulet of regeneration
Stlth   ++           e - ring of resist corrosion
HPRegen 1.11/turn    (no ring)
MPRegen 0.14/turn

%: channel magic (20%)
@: immotile
A: slimy green scales 1, condensation shield, demonic magic 1, weakness stinger
2, sturdy frame 1
a: Renounce Religion, Potion Petition, Call Merchant, Bribe Branch


You were on level 7 of the Dungeon.
You worshipped Gozag.
Gozag was pleased with you.
You visited 1 branch of the dungeon, and saw 7 of its levels.

You collected 867 gold pieces.
You paid 77 gold pieces to Gozag.

Inventory:

Hand Weapons
 a - a +4 vampiric dagger
 b - the +9 long sword of the Toadstool (weapon) {heavy, rPois Dex+6}
   (You found it on level 5 of the Dungeon)

   Dex+6:     It affects your dexterity (+6).
   rPois:     It protects you from poison.
 o - a +2 dire flail of protection
 z - a +3 quarterstaff of chaos
Armour
 l - the +2 robe of Orudeci (worn) {Int+5 Dex+4}
   (You found it on level 2 of the Dungeon)

   Int+5:     It affects your intelligence (+5).
   Dex+4:     It affects your dexterity (+4).
 m - a +1 pair of gloves (worn)
 r - a +0 plate armour
 s - an orb of energy (worn)
 v - a +0 helmet (worn)
 x - a +0 cloak (worn)
Magical Staves
 w - a staff of cold
Jewellery
 e - a ring of resist corrosion (left hand)
 i - a ring of poison resistance
 y - an amulet of regeneration (around neck)
Talismans
 f - a flux talisman
 k - a maw talisman
Wands
 d - a wand of mindburst (7)
 h - a wand of flame (56)
Scrolls
 g - 2 scrolls of identify
 n - 2 scrolls of silence
 t - a scroll of torment
 u - 4 scrolls of blinking
 A - a scroll of immolation
 B - a scroll of vulnerability {unknown}
Potions
 c - 3 potions of curing
 j - 2 potions of mutation
 p - 3 potions of attraction
 C - a potion of brilliance {unknown}


   Skills:
 + Level 6.5 Fighting
 - Level 2.9(5.6) Short Blades
 * Level 7.5(7.8) Long Blades
 + Level 4.0 Armour
 + Level 4.4 Dodging
 - Level 4.0 Spellcasting
 - Level 4.1 Conjurations
 - Level 2.0 Hexes
 - Level 3.0 Necromancy
 - Level 2.0 Ice Magic


You had 7 spell levels left.
You knew the following spells:

 Your Spells              Type           Power      Damage    Failure   Level
a - Kiss of Death         Conj/Necr      64%        2d10      11%         1
b - Momentum Strike       Conj/Tloc      22%        3d8       24%         2
d - Hailstorm             Conj/Ice       14%        3d6       28%         3
e - Fugue of the Fallen   Necr           14%        N/A       30%         3

Your spell library contained the following spells:

 Spells                   Type           Power      Damage    Failure   Level
 Ensorcelled Hibernation  Hex/Ice        20%        N/A       24%         2
 Sandblast                Erth           6%         2d5       32%         1
 Stone Arrow              Conj/Erth      22%        3d8       38%         3
 Inner Flame              Hex/Fire       7%         N/A       50%         3
 Anguish                  Hex/Necr       6%         N/A       67%         4
 Brom's Barrelling Bould  Conj/Erth      11%        2d3       73%         4
 Flame Wave               Conj/Fire      11%        2d6       73%         4
 Sticky Flame             Fire/Alch      3%         2d4       93%         4
 Irradiate                Conj/Alch      5%         3d13      95%         5
 Ignition                 Fire           1%         3d3       100%        8


Dungeon Overview and Level Annotations

Branches:
Dungeon (7/15)             Temple (0/1) D:5

Altars:
Dithmenos
Fedhas
Gozag
Hepliaklqana
Kikubaaqudgha
Makhleb
Trog
Uskayaw
Wu Jian

Shops:
D:6 (


Innate Abilities, Weirdness & Mutations

You are partially covered in slimy green scales. (AC +2)
A meltable shield of frost defends you. (SH +4)
Spells you cast may paralyse adjacent enemies.
You have a tail ending in a sharp stinger.
Your movements are slightly less encumbered by armour. (ER -2)


Message History

A skeletal warrior comes into view. It is wielding a +0 trident.
A skeletal warrior comes into view. It is wielding a +0 scimitar.
The skeletal warrior barely misses you.
The skeletal warrior completely misses you.
You hit the skeletal warrior but do no damage.
The skeletal warrior hits you with a +0 trident!
You slash the skeletal warrior!
The skeletal warrior is moderately damaged.
The skeletal warrior hits you with a +0 trident.
The skeletal warrior hits you with a +0 trident!
You slash the skeletal warrior!
The skeletal warrior is moderately damaged.
The skeletal warrior hits you with a +0 trident!!
You slash the skeletal warrior!
You tail-slap the skeletal warrior, but do no damage.
The skeletal warrior is heavily damaged.
The skeletal warrior hits you with a +0 trident.
The skeletal warrior misses you.
You hit the skeletal warrior. You tail-slap the skeletal warrior.
The skeletal warrior is severely damaged.
The skeletal warrior hits you with a +0 trident!
* * * LOW HITPOINT WARNING * * *
You slash the skeletal warrior!
Your tail-slap misses the skeletal warrior.
The skeletal warrior is almost destroyed.
The skeletal warrior hits you with a +0 trident.
* * * LOW HITPOINT WARNING * * *
The skeletal warrior hits you with a +0 trident!
* * * LOW HITPOINT WARNING * * *
Casting: Fugue of the Fallen (dangerous; 30% risk of failure)
Confirm with . or Enter, or press ? or * to list all spells.
Aiming: Momentum Strike (dangerous; 24% risk of failure)
Press: ? - help, Dir - move target, f - skeletal warrior
Aim: a skeletal warrior, wielding a +0 trident (almost destroyed, 68% to hit)
The concentrated momentum hits the skeletal warrior.
The skeletal warrior is almost destroyed.
You are unable to move.
Malevolent energies surge around you.
The skeletal warrior hits you with a +0 trident!
You die...
Your body crumbles into a pile of gold.

..##........
..########..
..# #.. ..# #..
..# #####.. ..#
....... ..#
....... ..#
.......#######
#.#
...........@.#
#.#
........####z#
#.# ......#..
#.# #.#
###.#.#..# #.#
#.# # #
#....#.########
#.#
#.........z...z
#.########
#....#.########
#........#
#....#.#
#......#.# #...
#.#


You could see a skeletal warrior.

Vanquished Creatures
  Pikel (D:5)
  Jeremiah (D:6)
  4 yaks (D:6)
  2 steam dragons
  Edmund (D:6)
  Menkaure (D:7)
  An ice beast (D:7)
  3 sky beasts
  A black bear (D:7)
  A centaur (D:6)
  4 lemures (D:5)
  A kobold brigand (D:6)
  3 scorpions
  2 bombardier beetles (D:6)
  8 hounds
  2 jellies
  Crazy Yiuf (D:4)
  A gnoll bouda (D:6)
  Ijyb (D:5)
  Natasha (thrice) (D:3)
  5 iguanas
  An orc wizard (D:7)
  9 gnolls
  6 adders
  A white imp (D:6)
  3 ribbon worms
  A dart slug (D:2)
  3 orcs
  5 ball pythons
  5 endoplasms
  3 giant cockroaches
  10 goblins
  6 hobgoblins
  9 jackals
  10 kobolds
  2 quokkas
  3 bats
  6 frilled lizards
  5 rats
  A butterfly (D:5)
136 creatures vanquished.

Notes
Turn   | Place    | Note
-------+----------+-------------------------------------------
     0 | D:1      | SirFunk the Demonspawn Reaver began the quest for the Orb.
     0 | D:1      | Reached XP level 1. HP: 16/16 MP: 3/3
   225 | D:1      | Gained mutation: You have a small tail. [demonic ancestry]
   225 | D:1      | Reached XP level 2. HP: 20/20 MP: 5/5
   235 | D:1      | Found a faded altar of an unknown god.
   252 | D:1      | Upgraded the game from 0.32-a0-747-gc8563f6773 to
                  | 0.32-a0-898-g7811c86cf0
  1030 | D:2      | Reached skill level 1 in Necromancy
  1030 | D:2      | Reached XP level 3. HP: 18/28 MP: 6/6
  1224 | D:2      | Reached skill level 3 in Long Blades
  1547 | D:2      | Identified the +2 robe of Orudeci {Int+5 Dex+4}
  2439 | D:3      | Gained mutation: You are partially covered in slimy green
                  | scales. (AC +2) [demonic ancestry]
  2439 | D:3      | Reached XP level 4. HP: 15/34 MP: 7/7
  2444 | D:3      | Gained mutation: Your movements are slightly less
                  | encumbered by armour. (ER -2) [potion of mutation]
  2560 | D:3      | Reached skill level 1 in Short Blades
  2768 | D:3      | Learned a level 2 spell: Momentum Strike
  2772 | D:3      | Learned a level 2 spell: Ensorcelled Hibernation
  2776 | D:3      | Noticed Natasha
  2790 | D:3      | Killed Natasha
  2847 | D:3      | Gained mutation: Spells you cast may paralyse adjacent
                  | enemies. [demonic ancestry]
  2847 | D:3      | Reached XP level 5. HP: 37/38 MP: 5/9
  2855 | D:3      | Noticed Natasha
  2872 | D:3      | Killed Natasha
  3045 | D:3      | You fall into a shaft and drop 2 floors!
  3045 | D:5      | Entered Level 5 of the Dungeon
  3134 | D:5      | Noticed Ijyb
  3319 | D:5      | Killed Ijyb
  3626 | D:3      | Noticed Natasha
  3637 | D:3      | Killed Natasha
  4004 | D:4      | Found a blossoming altar of Fedhas.
  4034 | D:4      | Found an opulent altar of Gozag.
  4042 | D:4      | Became a worshipper of Gozag Ym Sagoz the Greedy
  4059 | D:4      | Found a burning altar of Makhleb.
  4075 | D:4      | Reached XP level 6. HP: 37/47 MP: 10/10
  4098 | D:4      | Found a runed translucent door.
  4099 | D:4      | Noticed Crazy Yiuf
  4135 | D:4      | Found a hide-covered altar of Uskayaw.
  4224 | D:4      | Reached skill level 1 in Hexes
  4264 | D:4      | Found an ornate altar of the Wu Jian Council.
  4292 | D:4      | Reached skill level 1 in Ice Magic
  4409 | D:4      | Found a shadowy altar of Dithmenos.
  4573 | D:4      | Killed Crazy Yiuf
  4707 | D:5      | Learned a level 3 spell: Hailstorm
  4731 | D:5      | Found a staircase to the Ecumenical Temple.
  4784 | D:5      | Noticed a sky beast
  4792 | D:5      | Killed a sky beast
  4793 | D:5      | Gained mutation: You have a tail ending in a sharp stinger.
                  | [demonic ancestry]
  4793 | D:5      | Reached XP level 7. HP: 48/52 MP: 3/11
  4815 | D:5      | Found an ancient bone altar of Kikubaaqudgha.
  4869 | D:5      | Identified the +9 long sword of the Toadstool {heavy, rPois
                  | Dex+6}
  5016 | D:5      | Noticed Pikel
  5024 | D:5      | Killed Pikel
  5025 | D:5      | Reached skill level 4 in Long Blades
  5025 | D:5      | Gained mutation: A meltable shield of frost defends you.
                  | (SH +4) [demonic ancestry]
  5025 | D:5      | Reached XP level 8. HP: 51/61 MP: 6/13
  5168 | D:5      | Found a faded altar of an unknown god.
  5170 | D:5      | Found a hazy altar of Hepliaklqana.
  5170 | D:5      | Found a faded altar of an unknown god.
  5397 | D:6      | Learned a level 3 spell: Fugue of the Fallen
  5490 | D:6      | Reached skill level 1 in Armour
  5571 | D:6      | Noticed Edmund
  5701 | D:6      | Reached skill level 5 in Fighting
  5701 | D:6      | Reached skill level 5 in Long Blades
  5710 | D:6      | Killed Edmund
  6120 | D:6      | Found Zinoroud's Hydra Hut.
  6126 | D:6      | Reached skill level 6 in Long Blades
  6132 | D:6      | Reached XP level 9. HP: 60/68 MP: 12/15
  6148 | D:6      | Noticed a five-headed hydra
  6245 | D:6      | Noticed Jeremiah
  6282 | D:6      | Killed Jeremiah
  6692 | D:7      | Reached skill level 7 in Long Blades
  6777 | D:7      | Found a bloodstained altar of Trog.
  6778 | D:7      | Noticed Menkaure
  6783 | D:7      | Killed Menkaure
  7071 | D:7      | Noticed a skeletal warrior
  7072 | D:7      | Noticed a skeletal warrior
  7089 | D:7      | Mangled by a skeletal warrior

Illustrated notes

Levels and vault maps discovered:
D:1:      wander_arrival_estate, layout_basic, ebering_ecumenical_altar_hall,
          roderic_lattice_a
D:2:      layout_basic
D:3:      layout_loops_ring, nicolae_tso_carved_into_rock, serial_park_tiny_1,
          uniq_natasha
D:4:      layout_rooms, nicolae_wu_jian_wuxing_cycle, fedhas_altar_1,
          nicolae_gozag_cash_rules_everything_around_me,
          nicolae_dithmenos_through_a_glass_darkly,
          mainiacjoe_overflow_catwalk_spiral, uniq_crazy_yiuf_cottage
D:5:      layout_loops_ring, kennysheep_mini,
          nicolae_hepliaklqana_ecumenical_no_more,
          minmay_temple_entry_butterflies, uniq_ijyb, uniq_pikel
D:6:      layout_loops_corners, kennysheep_nondescript, doesnt_shop_hydraphobe,
          uniq_jeremiah, uniq_edmund
D:7:      layout_basic, mainiacjoe_overflow_cross_hatched,
          mainiacjoe_overflow_surrounded_room, mainiacjoe_overflow_big_doors,
          serial_bayou, serial_bayou_shore_b, serial_bayou_pond_e,
          serial_bayou_pond_d, serial_bayou_pond_e, uniq_menkaure

Skill      XL: |  1  2  3  4  5  6  7  8  9 |
---------------+----------------------------+-----
Necromancy     | 1 2 3 |  3.0
Long Blades    | 3 4 6 7 |  7.5
Short Blades   | 1 2 |  2.9
Fighting       | 3 4 5 6 |  6.5
Spellcasting   | 3 4 |  4.0
Hexes          | 1 2 |  2.0
Conjurations   | 4 |  4.1
Ice Magic      | 1 2 |  2.0
Dodging        | 3 4 |  4.4
Armour         | 2 4 |  4.0

Action                     |  1- 3 |  4- 6 |  7- 9 || total
---------------------------+-------+-------+-------++-------
  Melee: Falchion          |   109 |       |       ||   109
         Tailslap          |    15 |    30 |    21 ||    66
         Short sword       |    21 |    14 |       ||    35
         Dagger            |       |   144 |     7 ||   151
         Long sword        |       |       |   156 ||   156
   Cast: Kiss of Death     |     1 |     2 |       ||     3
         Ensorcelled Hiber |       |     4 |     3 ||     7
         Momentum Strike   |       |     1 |     3 ||     4
         Hailstorm         |       |     1 |       ||     1
         Fugue of the Fall |       |       |     3 ||     3
  Evoke: Wand              |       |     1 |     1 ||     2
    Use: Potion            |     1 |     4 |       ||     5
         Scroll            |       |     7 |     7 ||    14
   Stab: Sleeping          |       |     4 |     4 ||     8
         Paralysed         |       |     3 |     1 ||     4
 Armour: Leather armour    |    91 |       |       ||    91
         Robe              |     9 |    98 |   158 ||   265
  Dodge: Dodged            |    89 |    67 |   113 ||   269
  Block: Other             |       |       |    18 ||    18

Table legend: (Time is in decaauts)
 A = Elapsed time spent in this place.
 B = Non-inter-level travel time spent in this place.
 C = Inter-level travel time spent in this place.
 D = Time resting spent in this place.
 E = Time spent auto-exploring this place.
 F = Levels seen in this place.
 G = Mean time per level.
                   A        B        C        D        E       F      G
               +--------+--------+--------+--------+--------+-----+--------+
         Total |   7211 |   6853 |    358 |   1072 |   3663 |   7 | 1030.1 |
       Dungeon |   7211 |   6853 |    358 |   1072 |   3663 |   7 | 1030.1 |
               +--------+--------+--------+--------+--------+-----+--------+

Top non-repeatable levels by time:
     D:2: 1473 daAuts
     D:6: 1376 daAuts
     D:3: 1100 daAuts
     D:5: 1059 daAuts
     D:1: 1013 daAuts
     D:4: 764 daAuts
     D:7: 424 daAuts
